 Dungeon Crawl Stone Soup version 0.24-a0-693-g39a19ac0f1 (webtiles) character file.

Game seed: 3419950351674597980, levelgen mode: deterministic

11859 AntidotE the Spear-Bearer (level 12, -11/89 HPs)
             Began as a Formicid Fighter on Sept 28, 2019.
             Was an Initiate of Gozag.
             Mangled by Donald
             ... wielding a +3 scimitar of electrocution
              (15 damage)
             ... on level 2 of the Orcish Mines.
             The game lasted 01:32:10 (12582 turns).

AntidotE the Spear-Bearer (Formicid Fighter)       Turns: 12582, Time: 01:32:10

Health: -11/89     AC: 12    Str: 26    XL:     12   Next: 13%
Magic:  12/12      EV: 15    Int:  8    God:    Gozag
Gold:   1973       SH: 15    Dex: 10    Spells: 11/11 levels left

rFire    + . .     SeeInvis +   g - +5 halberd (freeze)
rCold    . . .     Gourm    .   c - +0 shield
rNeg     + . .     Faith    .   j - +2 ring mail {rF+}
rPois    .         Spirit   .   (helmet unavailable)
rElec    .         Reflect  +   h - +0 cloak
rCorr    .         Harm     .   s - +0 pair of gloves
MR       +....                  t - +0 pair of boots
Stlth    +.........             r - +3 amulet of reflection
HPRegen  0.24/turn              p - +3 ring of evasion
MPRegen  0.13/turn              k - ring of positive energy

@: very slightly contaminated, invisible
A: permanent stasis, dig shafts and tunnels, four strong arms, antennae 3
a: Dig, Shaft Self, Potion Petition, Call Merchant, Bribe Branch, Renounce
Religion


You were on level 2 of the Orcish Mines.
You worshipped Gozag.
Gozag was most pleased with you.
You were not hungry.

You visited 3 branches of the dungeon, and saw 15 of its levels.

You collected 2150 gold pieces.
You paid 177 gold pieces to Gozag.

Inventory:

Hand Weapons
 g - a +5 halberd of freezing (weapon)
 v - a +2 hunting sling of velocity
Missiles
 b - 5 boomerangs (quivered)
Armour
 c - a +0 shield (worn)
 h - a +0 cloak (worn)
 j - a +2 ring mail of fire resistance (worn)
 s - a +0 pair of gloves (worn)
 t - a +0 pair of boots (worn)
 u - a cursed +0 pair of gloves
 y - a +0 pair of gloves
Magical Staves
 F - an uncursed staff of power {unknown}
Jewellery
 d - an uncursed ring of wizardry {unknown}
 e - an uncursed ring of flight
 i - an uncursed ring of stealth
 k - a ring of positive energy (right hand)
 o - a +2 ring of intelligence {unknown}
 p - a +3 ring of evasion (left hand)
 r - a +3 amulet of reflection (around neck)
 C - a +4 ring of dexterity {unknown}
Wands
 x - a wand of digging (4)
 A - a wand of iceblast (5)
 B - a wand of flame (10)
 D - a wand of polymorph (3)
Scrolls
 a - a scroll of enchant armour {unknown}
 E - a scroll of remove curse
 G - a scroll of acquirement {unknown}
Potions
 l - 4 potions of curing
 m - 2 potions of agility
 n - a potion of berserk rage {unknown}
 q - 3 potions of heal wounds {unknown}
 w - a potion of brilliance
 z - a potion of cancellation
Comestibles
 f - 13 rations


   Skills:
 + Level 6.5 Fighting
 * Level 13.1 Polearms
 + Level 5.3 Throwing
 + Level 6.1 Armour
 + Level 2.9 Dodging
 + Level 3.0 Stealth
 * Level 10.5 Shields


You had 11 spell levels left.
You didn't know any spells.
Your spell library contained the following spells:

 Spells                   Type           Power        Failure   Level  Hunger
 Animate Skeleton         Necr           N/A          54%         1    ##.....
 Apportation              Tloc           #.....       54%         1    ##.....
 Confusing Touch          Hex            #.....       54%         1    ##.....
 Flame Tongue             Conj/Fire      #....        54%         1    ##.....
 Sting                    Conj/Pois      #...         54%         1    ##.....
 Summon Small Mammal      Summ           #...         54%         1    ##.....
 Poisonous Vapours        Pois/Air       #.....       67%         2    ###....
 Throw Flame              Conj/Fire      #.....       67%         2    ###....
 Conjure Flame            Conj/Fire      #.......     88%         3    ####...
 Inner Flame              Hex/Fire       #.......     88%         3    ####...
 Mephitic Cloud           Conj/Pois/Air  #.......     88%         3    ####...
 Olgreb's Toxic Radiance  Pois           #.......     99%         4    #####..
 Sticky Flame             Conj/Fire      #.......     99%         4    #####..
 Fireball                 Conj/Fire      #.........   100%        5    ######.
 Venom Bolt               Conj/Pois      #.........   100%        5    ######.


Dungeon Overview and Level Annotations

Branches:
Dungeon (12/15)            Temple (1/1) D:6            Lair (0/6) D:11
    Orc (2/2) D:11
    Elf: Orc:2

Altars:
Ashenzari
Cheibriados
Dithmenos
Elyvilon
Fedhas
Gozag
Hepliaklqana
Kikubaaqudgha
Makhleb
Nemelex Xobeh
Okawaru
Qazlal
Ru
Sif Muna
Trog
Uskayaw
Vehumet
Wu Jian
Xom
Yredelemnul
Zin
The Shining One

Annotations:
D:11 exclusions: oklob plant, 2 plants and 12 more exclusions
Orc:2 Donald


Innate Abilities, Weirdness & Mutations

You cannot be hasted, slowed, berserked, paralysed or teleported.
You can dig through walls and to a lower floor.
Your four strong arms can wield two-handed weapons with a shield.
You have a pair of large antennae on your head. (SInv)


Message History

Donald blocks your attack.
Donald hits you with a +3 scimitar of electrocution!!
You are electrocuted!
You hit Donald but do no damage. You block Donald's attack.
You block Donald's attack.
Donald hits you with a +3 scimitar of electrocution!!
You block Donald's attack.
The orc becomes distracted by the nearby gold, dreaming of imaginary riches.
Donald hits you with a +3 scimitar of electrocution!
* * * LOW HITPOINT WARNING * * *
You block Donald's attack.
You fade into invisibility!
Donald hits you but does no damage.
You are electrocuted!
* * * LOW HITPOINT WARNING * * *
You are very lightly contaminated with residual magic.
You block Donald's attack.
Donald says, "Spare some coin?"
Donald hits you with a +3 scimitar of electrocution!
You die...
Your body crumbles into a pile of gold.

##...## .................
##.....## . ................
##.......##.. ##.......)...$$.
#............ ###...........#o..
#....<.......###.............$##.
#..........###...............$.##
....).....###...................#
.)........##.....@..#..)#........
.......##.......@..##...##..)....
...##...........####.....####....
.......##.......###.......###....
.......#.........#....)....###...
##...##..........#....<....# #...
#....#.........###....)....# ##..
..#.............###....)).## #...
..####........#.# ##......# ##..
#.####.)).......## ##..).## ###


You could see Donald.

Vanquished Creatures
  7 two-headed ogres
  An ugly thing (D:11)
  A manticore (D:11)
  Joseph (D:8)
  A troll (D:11)
  A hornet (D:9)
  A blink frog (D:11)
  A hippogriff (D:9)
  Menkaure (D:5)
  2 wargs (D:11)
  9 orc warriors
  A sky beast (D:8)
  3 ice beasts
  A black bear (D:11)
  2 phantoms (D:11)
  An eye of draining (D:11)
  13 ogres
  A centaur (D:6)
  2 big kobolds (D:7)
  A crocodile (D:11)
  A bullfrog (D:11)
  6 scorpions
  4 killer bees (D:11)
  3 wights (D:11)
  A howler monkey (D:7)
  A centaur zombie (D:5)
  7 hounds
  A gnoll shaman (D:5)
  5 orc priests
  4 jellies
  3 bullfrog skeletons
  A centaur skeleton (D:11)
  3 iguanas
  5 orc wizards
  8 worker ants
  A hound skeleton (D:4)
  11 gnolls
  13 adders
  4 shadow imps
  2 adder zombies
  An ooze (D:3)
  2 adder skeletons
  5 worms
  3 dart slugs (D:2)
  2 leopard geckos (D:4)
  66 orcs
  A ball python (D:1)
  3 giant cockroaches
  11 goblins
  14 hobgoblins
  3 jackals (D:2)
  3 quokkas
  6 bats
  4 frilled lizards
  A jackal skeleton (D:7)
  23 kobolds
  A leopard gecko skeleton (D:8)
  A quokka zombie (D:6)
  7 rats
292 creatures vanquished.

Notes
Turn   | Place    | Note
-------+----------+-------------------------------------------
     0 | D:1      | AntidotE the Formicid Fighter began the quest for the Orb.
     0 | D:1      | Reached XP level 1. HP: 18/18 MP: 1/1
   110 | D:1      | Reached XP level 2. HP: 24/24 MP: 2/2
   296 | D:1      | Reached XP level 3. HP: 28/29 MP: 3/3
   710 | D:2      | Reached XP level 4. HP: 34/36 MP: 4/4
   733 | D:2      | HP: 1/36 [gnoll/+0 whip (6)]
   740 | D:2      | Reached skill level 3 in Polearms
  1166 | D:2      | Found a stormy altar of Qazlal.
  1439 | D:2      | Reached XP level 5. HP: 35/42 MP: 5/5
  1846 | D:2      | Found a glowing golden altar of the Shining One.
  2072 | D:3      | Noticed an orc warrior
  3031 | D:3      | Found a bloodstained altar of Trog.
  3894 | D:4      | Reached XP level 6. HP: 48/48 MP: 6/6
  3907 | D:4      | Noticed an ogre
  4074 | D:4      | Reached skill level 4 in Polearms
  4081 | D:4      | Reached skill level 1 in Dodging
  4113 | D:5      | Entered Level 5 of the Dungeon
  4133 | D:4      | Reached skill level 5 in Shields
  4391 | D:4      | Noticed an ogre
  4411 | D:4      | Killed an ogre
  4411 | D:4      | Reached XP level 7. HP: 40/54 MP: 7/7
  4805 | D:2      | Reached skill level 5 in Polearms
  5816 | D:5      | Reached XP level 8. HP: 41/60 MP: 8/8
  6005 | D:5      | Reached skill level 6 in Polearms
  6107 | D:5      | Got a warped ring mail
  6155 | D:5      | Identified the cursed +0 ring mail of the Volcano {Dex+4}
                  | (You found it on level 5 of the Dungeon)
  6346 | D:5      | Noticed Menkaure
  6365 | D:5      | Killed Menkaure
  6365 | D:5      | Reached skill level 5 in Armour
  6365 | D:5      | Reached skill level 1 in Stealth
  6700 | D:5      | Found a shimmering blue altar of Sif Muna.
  6934 | D:5      | Reached skill level 7 in Polearms
  7590 | D:6      | Reached skill level 1 in Throwing
  7590 | D:6      | Reached XP level 9. HP: 56/66 MP: 9/9
  7650 | D:6      | Found a staircase to the Ecumenical Temple.
  7696 | Temple   | Entered the Ecumenical Temple
  8123 | Temple   | Became a worshipper of Gozag Ym Sagoz the Greedy
  8481 | D:8      | Reached skill level 8 in Polearms
  8617 | D:7      | Noticed a two-headed ogre
  8622 | D:7      | Killed a two-headed ogre
  8622 | D:7      | Reached skill level 5 in Fighting
  8622 | D:7      | Reached skill level 9 in Polearms
  8984 | D:7      | Reached XP level 10. HP: 66/74 MP: 10/10
  9189 | D:8      | Noticed Joseph
  9352 | D:8      | Noticed a two-headed ogre
  9380 | D:8      | Killed a two-headed ogre
  9380 | D:8      | Reached skill level 10 in Polearms
  9500 | D:8      | Killed Joseph
  9804 | D:8      | Found a bloodstained altar of Trog.
 10266 | D:10     | Entered Level 10 of the Dungeon
 10414 | D:9      | Found a glowing golden altar of the Shining One.
 10647 | D:9      | Reached skill level 11 in Polearms
 10948 | D:11     | Found a flagged portal.
 10981 | D:11     | Noticed a purple ugly thing
 10989 | D:11     | Killed a brown ugly thing
 10989 | D:11     | Reached XP level 11. HP: 68/81 MP: 11/11
 11011 | D:11     | Noticed a two-headed ogre
 11020 | D:11     | Killed a two-headed ogre
 11043 | D:11     | Found a staircase to the Lair.
 11094 | D:11     | Noticed an unseen horror
 11097 | D:11     | an unseen horror changed into a blink frog
 11286 | D:11     | Noticed an oklob plant
 11303 | D:11     | Reached skill level 12 in Polearms
 11304 | D:11     | Noticed a manticore
 11323 | D:11     | Killed a manticore
 11374 | D:11     | Found a staircase to the Orcish Mines.
 11412 | Orc:1    | Entered Level 1 of the Orcish Mines
 11855 | Orc:2    | Entered Level 2 of the Orcish Mines
 11887 | Orc:2    | Noticed a two-headed ogre
 11893 | Orc:1    | Reached skill level 10 in Shields
 12056 | Orc:1    | Killed a two-headed ogre
 12336 | Orc:2    | Noticed a two-headed ogre
 12345 | Orc:2    | Killed a two-headed ogre
 12406 | Orc:2    | Noticed a two-headed ogre
 12416 | Orc:2    | Killed a two-headed ogre
 12416 | Orc:2    | Reached XP level 12. HP: 89/89 MP: 12/12
 12469 | Orc:2    | Noticed a two-headed ogre
 12477 | Orc:2    | Killed a two-headed ogre
 12477 | Orc:2    | Reached skill level 13 in Polearms
 12477 | Orc:2    | Reached skill level 5 in Throwing
 12562 | Orc:2    | Noticed Donald
 12578 | Orc:2    | HP: 3/89 [Donald/+3 scimitar of electrocution (15)]
 12582 | Orc:2    | Mangled by Donald

Levels and vault maps discovered:
D:1:      tarquinn_simple_flora_water_a, layout_rooms
D:2:      minmay_chambers_of_ones, layout_loops_corners,
          nicolae_tso_swordbearing_angel, grunt_qazlal_clouds
D:3:      layout_rooms, trog_hazing_becter
D:4:      layout_basic, first_ration
D:5:      layout_basic, basic_altar, uniq_menkaure
D:6:      layout_cave_pools, minmay_temple_entry_mist
D:7:      layout_cave_pools
D:8:      layout_basic, bloody_trog, uniq_joseph
D:9:      layout_loops_cross, basic_altar
D:10:     layout_stronghold
D:11:     layout_basic, dpeg_oklobed_lair, orc_0_dummy, enter_bailey_1
D:12:     layout_gridville, ebering_ghost_xom, hangedman_fish_farm,
          minmay_crystal_room, minmay_statues_item, st_stairs_9
Temple:   compressed_dpeg_triangle_lava_temple
Orc:1:    layout_caves, nicolae_orc_lost_temple
Orc:2:    pubby_orc_utopia, uniq_donald

Skill      XL: |  1  2  3  4  5  6  7  8  9 10 11 12 |
---------------+-------------------------------------+-----
Shields        | 4 5 6 7 9 10 | 10.5
Armour         | 4 5 6 |  6.1
Polearms       | 3 4 5 7 9 11 12 13 | 13.1
Dodging        | 1 2 |  2.9
Fighting       | 4 5 6 |  6.5
Stealth        | 1 2 3 |  3.0
Throwing       | 1 4 5 |  5.3

Action                   |  1- 3 |  4- 6 |  7- 9 | 10-12 || total
-------------------------+-------+-------+-------+-------++-------
Melee: Trident           |    85 |   273 |    24 |       ||   382
       Halberd           |       |       |   187 |   334 ||   521
Throw: Boomerang         |       |     1 |    35 |   126 ||   162
Invok: Potion Petition   |       |       |     1 |       ||     1
Evoke: Wand              |       |       |       |     3 ||     3
  Use: Scroll            |     2 |     8 |     6 |     4 ||    20
       Potion            |       |     2 |     5 |     3 ||    10
 Stab: Distracted        |       |       |       |     4 ||     4
  Eat: Ration            |       |     2 |     3 |     4 ||     9
       Chunk             |       |     5 |     4 |       ||     9
Armor: Scale mail        |    24 |    68 |       |       ||    92
       Ring mail         |       |    10 |    36 |    36 ||    82
Dodge: Dodged            |    18 |   101 |    77 |   108 ||   304
Block: Shield            |    30 |   119 |   101 |   195 ||   445
       Reflection        |       |       |       |     7 ||     7

Table legend:
 A = Non-vault XP
 B = Vault XP
 C = Vault XP percentage of total XP
 D = Non-vault monster count
 E = Vault monster count
 F = Vault count percentage of total count
                 A         B        C        D         E       F
            +---------+---------+-------+---------+---------+-------
      Total |   11602 |    5340 |  31.5 |     241 |      51 |  17.5
            +---------+---------+-------+---------+---------+-------
        D:1 |      39 |       0 |   0.0 |      24 |       0 |   0.0
        D:2 |     264 |      21 |   7.4 |      31 |       5 |  13.9
        D:3 |     189 |      11 |   5.5 |      15 |       6 |  28.6
        D:4 |     352 |       0 |   0.0 |      13 |       0 |   0.0
        D:5 |     764 |     172 |  18.4 |      21 |       1 |   4.5
        D:6 |     254 |       0 |   0.0 |       6 |       0 |   0.0
        D:7 |    1725 |       0 |   0.0 |      40 |       0 |   0.0
        D:8 |    1396 |     434 |  23.7 |      15 |       1 |   6.2
        D:9 |    1199 |       0 |   0.0 |      24 |       0 |   0.0
       D:10 |     282 |       0 |   0.0 |       5 |       0 |   0.0
       D:11 |    4829 |       0 |   0.0 |      42 |       0 |   0.0
      Orc:1 |     309 |    1144 |  78.7 |       5 |       8 |  61.5
      Orc:2 |       0 |    3558 | 100.0 |       0 |      30 | 100.0
            +---------+---------+-------+---------+---------+-------
